 Dungeon Crawl Stone Soup version 0.31-a0-889-g1a8549509d (webtiles) character file.

Game seed: 14415235553993315137

2 Kuronicle the Ruffian (level 1, -1/15 HPs)
             Began as a Demigod Shapeshifter on Oct 16, 2023.
             Slain by a goblin
             ... wielding a +0 dagger
              (3 damage)
             ... on level 1 of the Dungeon.
             The game lasted 00:00:18 (135 turns).

Kuronicle the Ruffian (Demigod Shapeshifter)         Turns: 135, Time: 00:00:19

Health: -1/15      AC:  2    Str: 15    XL:     1   Next: 20%
Magic:  3/3        EV: 12    Int: 12    God:
Gold:   0          SH:  0    Dex: 13    Spells: 0/0 levels left

rFire   . .          .
                       - Unarmed
rCold   . . .        (no shield)
rNeg    . . .        a - +0 animal skin
rPois   .            (helmet currently unavailable)
rElec   .            (cloak currently unavailable)
rCorr   .            (gloves currently unavailable)
SInv    .            (boots currently unavailable)
Will    .....        (no amulet)
Stlth   +            (no ring)
HPRegen 0.22/turn    (no ring)
MPRegen 0.08/turn

%: no passive effects
@: beast-form
A: beast (slay +1), high MP 1, forlorn, divine attributes
a: Begin Untransformation


You were on level 1 of the Dungeon.
You were a hulking beast.
You visited 1 branch of the dungeon, and saw 1 of its levels.

Inventory:

Armour
 a - a +0 animal skin (worn)
Talismans
 c - a beast talisman (active)
 d - a flux talisman
Scrolls
 e - a scroll of poison {unknown}
Potions
 b - a potion of lignification


   Skills:
 * Level 0.9 Fighting
 * Level 1.7 Dodging
 + Level 2.7 Unarmed Combat
 * Level 2.7 Shapeshifting


You couldn't memorise any spells.
You didn't know any spells.
Your spell library contained the following spells:

 Spells                   Type           Power      Damage    Failure   Level
 Ensorcelled Hibernation  Hex/Ice        0%         N/A       45%         2
 Passwall                 Tmut/Erth      0%         N/A       45%         2
 Swiftness                Air            0%         N/A       69%         3


Dungeon Overview and Level Annotations

Branches:
Dungeon (1/15)


Innate Abilities, Weirdness & Mutations

You are a hulking beast.
Your limbs bulge with bestial killing power. (Slay +1)
You have an increased reservoir of magic. (+10% MP)
You shall have no god before yourself.
Your divine heritage dramatically boosts your attributes as you level up.


Message History

A bat comes into view.
The bat barely misses you.
You closely miss the bat. The bat barely misses you.
The bat hits you but does no damage. The bat hits you but does no damage.
You hit the bat but do no damage. The bat hits you but does no damage.
Found a scroll labelled GAHAQE UDEU.
The bat barely misses you.
You miss the bat. The bat hits you. The bat misses you.
The bat completely misses you.
You miss the bat. The bat hits you but does no damage.
The bat barely misses you.
A goblin and a hobgoblin come into view.
The bat hits you.
A rat comes into view.
The hobgoblin shouts!
The bat hits you.
The goblin shouts!
You hit the bat.
The bat is heavily wounded.
The bat hits you but does no damage. The bat hits you. The hobgoblin hits you.
The bat misses you.
You miss the bat.
The bat is heavily wounded.
The bat hits you but does no damage. The hobgoblin barely misses you.
The goblin hits you with a +0 dagger. The rat closely misses you.
The hobgoblin attacks as it pursues you!
The hobgoblin closely misses you. The bat hits you.
The goblin completely misses you. The hobgoblin hits you.
The bat closely misses you. The bat attacks as it pursues you!
The bat hits you but does no damage.
The hobgoblin attacks as it pursues you!
The hobgoblin closely misses you. The bat barely misses you.
The goblin attacks as it pursues you! The goblin barely misses you.
The hobgoblin attacks as it pursues you!
The hobgoblin hits you.
* * * LOW HITPOINT WARNING * * *
The goblin attacks as it pursues you! The goblin hits you with a +0 dagger.
You die...

#.# #.##.#
#.# #.##.#
#.# #.##.#
#.###
#.##.l
#...# #.#
###.# #.#
#.# #.# ##
#h##
###.####g.#
#......b.g#
..#.?...r.#
......#...#
..#..#...##
....#....##
#.#.......#
...#.....##


You could see a hobgoblin, a goblin, a bat and a rat.

Vanquished Creatures
  A ball python (D:1)
  A kobold (D:1)
  A rat (D:1)
3 creatures vanquished.

Notes
Turn   | Place    | Note
-------+----------+-------------------------------------------
     0 | D:1      | Kuronicle the Demigod Shapeshifter began the quest for the
                  | Orb.
     0 | D:1      | Reached XP level 1. HP: 15/15 MP: 3/3
   135 | D:1      | Slain by a goblin

Illustrated notes

Levels and vault maps discovered:
D:1:      lightli_molten_gateway, layout_loops_ring, serial_shops, shop,
          shapermc_ecumenical_altar_gd, serial_park_tiny_pond,
          hangedman_decor_opposing

Action                     || total
---------------------------++-------
  Melee: Unarmed           ||    14
 Armour: Animal skin       ||    18
  Dodge: Dodged            ||    20

Table legend: (Time is in decaauts)
 A = Elapsed time spent in this place.
 B = Non-inter-level travel time spent in this place.
 C = Inter-level travel time spent in this place.
 D = Time resting spent in this place.
 E = Time spent auto-exploring this place.
 F = Levels seen in this place.
 G = Mean time per level.
                   A        B        C        D        E       F      G
               +--------+--------+--------+--------+--------+-----+--------+
         Total |    134 |    134 |      0 |      0 |     91 |   1 |  134.0 |
       Dungeon |    134 |    134 |      0 |      0 |     91 |   1 |  134.0 |
               +--------+--------+--------+--------+--------+-----+--------+

Top non-repeatable levels by time:
     D:1: 134 daAuts
